 Dungeon Crawl Stone Soup version 0.19.4-8-ga85b6b9 (webtiles) character file.

53 protoss039 the Conjurer (level 3, 0/19 HPs)
             Began as a Deep Elf Conjurer on Feb 13, 2017.
             Slain by a frilled lizard (1 damage)
             ... on level 2 of the Dungeon.
             The game lasted 00:04:57 (1294 turns).

protoss039 the Conjurer (Deep Elf Conjurer)         Turns: 1294, Time: 00:04:57

Health: 0/19       AC:  3    Str:  5    XL:     3   Next: 64%
Magic:  4/10       EV: 13    Int: 20    God:
Gold:   38         SH:  0    Dex: 15    Spells: 3 memorised, 3 levels left

rFire  . . .     SeeInvis .     k - +0 dagger
rCold  . . .     Gourm    .     a - +1 robe
rNeg   . . .     Faith    .     (no shield)
rPois  .         Spirit   .     (no helmet)
rElec  .         Reflect  .     (no cloak)
rCorr  .         Harm     .     (no gloves)
MR     .....                    (no boots)
Stlth  ++........               (no amulet)
                                (no ring)
                                (no ring)

@: no status effects
A: no striking features
a: no special abilities


You were on level 2 of the Dungeon.
You were not hungry.

You visited 1 branch of the dungeon, and saw 2 of its levels.

You collected 38 gold pieces.

Inventory:

Hand Weapons
 k - a +0 dagger (weapon)
Armour
 a - a +1 robe (worn)
Scrolls
 l - a scroll of remove curse
Potions
 d - a potion of brilliance {unknown}
 e - a potion of invisibility {unknown}
 g - a potion of curing {unknown}
 h - a potion of agility {unknown}
 j - a potion of resistance {unknown}
Books
 b - a book of Conjurations

   Spells                             Type                      Level
   a - Magic Dart                     Conjuration                  1
   b - Searing Ray                    Conjuration                  2
   c - Dazzling Spray                 Conjuration/Hexes            3
   d - Fulminant Prism                Conjuration/Hexes            4
   e - Iskenderun's Mystic Blast      Conjuration                  4
   f - Iskenderun's Battlesphere      Conjuration/Charms           5
Comestibles
 c - 2 bread rations
 m - 3 chunks of flesh


   Skills:
 - Level 2.4 Dodging
 + Level 2.7 Stealth
 - Level 0.1 Unarmed Combat
 + Level 3.5 Spellcasting
 + Level 5.5 Conjurations


You had 3 spell levels left.
You knew the following spells:

 Your Spells              Type           Power        Failure   Level  Hunger
a - Magic Dart            Conj           ####         1%          1    None
b - Searing Ray           Conj           ####..       2%          2    ##.....
c - Dazzling Spray        Conj/Hex       ##....       14%         3    ###....


Dungeon Overview and Level Annotations

Branches:
Dungeon (2/15)

Altars:


Message History

Aiming: Searing Ray
Press: ? - help, Shift-Dir - straight line, f/p - adder
Aim: an adder The searing ray hits the adder.
The adder is heavily wounded. (Press . to maintain the ray.)
The adder closely misses you. The jackal bites you.
* * * LOW HITPOINT WARNING * * *
The frilled lizard barely misses you. The adder misses you.
Casting: Searing Ray
Confirm with . or Enter, or press ? or * to list all spells.
Aiming: Searing Ray
Press: ? - help, Shift-Dir - straight line, f/p - adder
Aim: an adder (heavily wounded)
The searing ray misses the adder. (Press . to maintain the ray.)
The jackal closely misses you. The adder bites you.
* * * LOW HITPOINT WARNING * * *
The frilled lizard bites you.
You die...

############
##.....#.....
####............
................
................
$..(....(.......
.......h........
.......l@.......
........S.......
..........#.((..
.......#### ....
....... ##.
....... .......
.....(. .w..


You could see an adder, a jackal and a frilled lizard.

Vanquished Creatures
  An adder (D:1)
  An ooze (D:1)
  2 dart slugs (D:1)
  2 leopard geckos (D:1)
  2 bats (D:1)
  7 giant cockroaches (D:1)
  7 hobgoblins (D:1)
  A jackal (D:1)
  A frilled lizard (D:1)
  3 kobolds (D:1)
  4 rats (D:1)
  A fungus (D:1)
32 creatures vanquished.

Notes
Turn   | Place    | Note
-------+----------+-------------------------------------------
     0 | D:1      | protoss039 the Deep Elf Conjurer began the quest for the Orb.
     0 | D:1      | Reached XP level 1. HP: 10/10 MP: 6/6
   232 | D:1      | Reached XP level 2. HP: 15/15 MP: 1/8
   236 | D:1      | Learned a level 2 spell: Searing Ray
   251 | D:1      | Reached skill level 5 in Conjurations
   569 | D:1      | Reached XP level 3. HP: 14/19 MP: 3/9
  1262 | D:1      | Learned a level 3 spell: Dazzling Spray
  1294 | D:2      | Slain by a frilled lizard

Skill      XL: |  1  2 |
---------------+-------+-----
Conjurations   | 5 |  5.5
Dodging        | |  2.4
Stealth        | |  2.7
Unarmed Combat | |  0.1
Spellcasting   | |  3.5

Action                   || total
-------------------------++-------
Melee: Unarmed           ||     5
       Dagger            ||    54
 Cast: Magic Dart        ||    48
       Searing Ray       ||    20
  Use: Scroll            ||     3
  Eat: Chunk             ||     2
Armor: Robe              ||    12
Dodge: Dodged            ||    44
